 Dungeon Crawl Stone Soup version 0.29.1-15-g9cfb28693d (webtiles) character file.

Game seed: 9395946233296503237

131 GigaChad the Chopper (level 4, -4/37 HPs)
             Began as a Minotaur Gladiator on Mar 14, 2023.
             Killed from afar by an orc wizard (8 damage)
             ... with a puff of flame
             ... on level 4 of the Dungeon.
             The game lasted 00:02:16 (2702 turns).

GigaChad the Chopper (Minotaur Gladiator)           Turns: 2702, Time: 00:02:16

Health: -4/37      AC:  5    Str: 20    XL:     4   Next: 91%
Magic:  3/3        EV: 12    Int:  5    God:
Gold:   126        SH:  0    Dex: 12    Spells: 3/3 levels left

rFire   . . .      SeeInvis .   a - +0 war axe
rCold   . . .      Faith    .   (no shield)
rNeg    . . .      Spirit   .   p - +0 ring mail
rPois   .          Reflect  .   c - +0 hat
rElec   .          Harm     .   (no cloak)
rCorr   .          Rampage  .   (no gloves)
Will    .....                   (no boots)
Stlth   ..........              (no amulet)
HPRegen 0.12/turn               (no ring)
MPRegen 0.08/turn               (no ring)

@: confused, lethally poisoned (-4 -> -16)
A: horns 2, retaliatory headbutt
a: no special abilities


You were on level 4 of the Dungeon.
You visited 1 branch of the dungeon, and saw 4 of its levels.

You collected 126 gold pieces.

Inventory:

Hand Weapons
 a - a +0 war axe (weapon)
Missiles
 d - 3 throwing nets (quivered)
 e - a javelin
Armour
 b - a +0 leather armour
 c - a +0 hat (worn)
 p - a +0 ring mail (worn)
Scrolls
 f - 2 scrolls of vulnerability {unknown}
 h - 3 scrolls of teleportation
 k - 2 scrolls of amnesia {unknown}
 l - 4 scrolls of identify
 q - a scroll of enchant armour {unknown}
 s - 2 scrolls of enchant weapon {unknown}
Potions
 g - 2 potions of curing
 i - 2 potions of might {unknown}
 j - 2 potions of degeneration {unknown}
 m - a potion of experience {unknown}
 n - a potion of heal wounds {unknown}
 o - a potion of lignification {unknown}
 r - a potion of resistance {unknown}


   Skills:
 + Level 2.9 Fighting
 + Level 5.5 Axes
 + Level 2.0 Throwing
 + Level 1.6 Armour
 + Level 4.1 Dodging
 + Level 0.1 Stealth


You had 3 spell levels left.
You didn't know any spells.
Your spell library contained the following spells:

 Spells                   Type           Power      Damage    Failure   Level
 Magic Dart               Conj           0%         1d3       65%         1
 Searing Ray              Conj           0%         2d4       80%         2
 Static Discharge         Conj/Air       0%         3-3/arc   80%         2
 Dispel Undead            Necr           0%         3d6       100%        4
 Fulminant Prism          Conj/Hex       0%         3d6       100%        4
 Sticky Flame             Conj/Fire      0%         2d3       100%        4


Dungeon Overview and Level Annotations

Branches:
Dungeon (4/15)
 Temple: D:4-7

Altars:

Shops:
D:1 (


Innate Abilities, Weirdness & Mutations

You have a pair of horns on your head.
You reflexively headbutt those who attack you in melee.


Message History

You headbutt the scorpion. You slash the scorpion!
Your headbutt misses the scorpion.
The scorpion is almost dead.
You barely miss the orc wizard.
You feel sick. The scorpion stings you. The orc wizard closely misses you.
The scorpion stings you.
You are more poisoned.
The scorpion poisons you!
Unknown command.
You barely miss the scorpion.
The scorpion is almost dead.
You hit the orc wizard but do no damage.
You feel very sick. The scorpion closely misses you. The orc wizard misses you.
Unknown command.
You are too injured to fight recklessly!
Unknown command.
You are too injured to fight recklessly!
There are monsters nearby!
You are too injured to fight recklessly!
Unknown command.
You are too injured to fight recklessly!
There are monsters nearby!
You hit the orc wizard but do no damage.
You closely miss the scorpion.
You feel very sick.
The scorpion stings you but does no damage.
The orc wizard points at you and mumbles some strange words.
You are confused.
The scorpion stings you.
* * * LOW HITPOINT WARNING * * *
You are lethally poisoned!
The scorpion poisons you!
* * * LOW HITPOINT WARNING * * *
You feel very sick. The orc wizard closely misses you.
The scorpion closely misses you.
* * * LOW HITPOINT WARNING * * *
You feel very sick.
The orc wizard gestures at you while chanting.
The puff of flame hits you!
You die...

##.##.##
..##.##.## ###
.........# ..#
.........#
.$.#
.....##..# ..#
.....##..##.>#
......$......#
.............#
.......@.....#
.........).>.#
.......so)...#
)............#
.............#
.............#
.............#
.............#
.....##......#


You could see a scorpion and an orc wizard.

Vanquished Creatures
  4 adders
  2 dart slugs
  10 orcs
  9 ball pythons
  6 endoplasms
  2 giant cockroaches
  9 goblins
  3 hobgoblins
  5 jackals (D:1)
  4 kobolds
  2 quokkas
  2 bats
  2 frilled lizards
  20 rats
80 creatures vanquished.

Notes
Turn   | Place    | Note
-------+----------+-------------------------------------------
     0 | D:1      | GigaChad the Minotaur Gladiator began the quest for the
                  | Orb.
     0 | D:1      | Reached XP level 1. HP: 18/18 MP: 0/0
    35 | D:1      | Found a faded altar of an unknown god.
   298 | D:1      | Reached skill level 4 in Axes
   298 | D:1      | Reached XP level 2. HP: 25/25 MP: 1/1
   325 | D:1      | Found Seoluol's Weapon Shoppe.
   939 | D:2      | Reached XP level 3. HP: 30/30 MP: 2/2
  1736 | D:2      | Reached skill level 1 in Armour
  2093 | D:3      | Reached XP level 4. HP: 34/37 MP: 3/3
  2363 | D:3      | Reached skill level 5 in Axes
  2550 | D:3      | Found a glowing drain.
  2688 | D:4      | Noticed a scorpion
  2702 | D:4      | Killed from afar by an orc wizard

Illustrated notes

Levels and vault maps discovered:
D:1:      minmay_arrival_shattered_statue, layout_loops_ring,
          hellmonk_ecumenical_altar_blasted, serial_shops,
          nicolae_shop_bloodbath_and_beyond
D:2:      layout_loops_corners, serial_glass, glass_columns_a, glass_columns_b,
          serial_park_tiny_2, minmay_tiny_reverse_x
D:3:      layout_basic, portal_sewer_entry_d, minmay_rat_hole
D:4:      layout_gridville

Skill      XL: |  1  2  3  4 |
---------------+-------------+-----
Axes           | 4 5 |  5.5
Dodging        | 4 |  4.1
Armour         | 1 |  1.6
Fighting       | |  2.9
Throwing       | |  2.0
Stealth        | |  0.1

Action                   |  1- 3 |  4- 6 || total
-------------------------+-------+-------++-------
Melee: War axe           |    65 |    62 ||   127
       Headbutt          |     8 |     9 ||    17
  Use: Scroll            |     4 |       ||     4
Armor: Leather armour    |    15 |       ||    15
       Ring mail         |     5 |    20 ||    25
Dodge: Dodged            |    51 |    41 ||    92
